 Dungeon Crawl Stone Soup version 0.30.0-16-gbe6223bb7e (webtiles) character file.

Game seed: 4595218230820675285

90 KingMidas the Shooter (level 4, 0/32 HPs)
             Began as a Formicid Hexslinger on May 20, 2023.
             Slain by an ice beast (12 damage)
             ... on level 3 of the Dungeon.
             The game lasted 00:03:55 (1684 turns).

KingMidas the Shooter (Formicid Hexslinger)         Turns: 1684, Time: 00:03:55

Health: 0/32       AC:  3    Str: 15    XL:     4   Next: 85%
Magic:  5/5        EV: 12    Int: 14    God:
Gold:   134        SH:  0    Dex: 14    Spells: 1/5 levels left

rFire   . . .        a - +1 sling
rCold   . . .        (no shield)
rNeg    . . .        c - +0 robe
rPois   .            (helmet unavailable)
rElec   .            (no cloak)
rCorr   .            f - +0 pair of gloves
SInv    +            (no boots)
Will    .....        (no amulet)
Stlth   +            i - ring of wizardry
HPRegen 0.25/turn    (no ring)
MPRegen 0.09/turn

%: wizardry (x1)
@: no status effects
A: permanent stasis, dig shafts and tunnels, antennae 3, four strong arms
a: Dig, Shaft Self


You were on level 3 of the Dungeon.
You visited 1 branch of the dungeon, and saw 3 of its levels.

You collected 134 gold pieces.

Inventory:

Hand Weapons
 a - a +1 sling (weapon)
Armour
 c - a +0 robe (worn)
 f - a +0 pair of gloves (worn)
Jewellery
 i - a ring of wizardry (left hand)
Wands
 s - a wand of flame (15)
Scrolls
 e - 2 scrolls of noise {unknown}
 h - 4 scrolls of teleportation {unknown}
 l - a scroll of enchant armour {unknown}
 m - a scroll of magic mapping {unknown}
 n - a scroll of fog {unknown}
 o - a scroll of summoning {unknown}
Potions
 d - a potion of invisibility {unknown}
 g - a potion of lignification {unknown}
 j - a potion of magic {unknown}
 k - a potion of curing {unknown}
 p - a potion of heal wounds {unknown}
 q - a potion of haste {unknown}
 r - a potion of berserk rage {unknown}


   Skills:
 - Level 1.1 Fighting
 * Level 4.6 Ranged Weapons
 - Level 1.7 Dodging
 - Level 1.1 Spellcasting
 - Level 3.6 Hexes


You had one spell level left.
You knew the following spells:

 Your Spells              Type           Power      Damage    Failure   Level
a - Slow                  Hex            40%        N/A       2%          1
b - Portal Projectile     Hex/Tloc       10%        N/A       16%         3

Your spell library contained the following spells:

 Spells                   Type           Power      Damage    Failure   Level
 Tukima's Dance           Hex            10%        N/A       8%          3
 Lesser Beckoning         Tloc           0%         N/A       16%         2
 Inner Flame              Hex/Fire       5%         N/A       16%         3
 Cause Fear               Hex            5%         N/A       24%         4
 Gell's Gravitas          Tloc           0%         N/A       30%         3
 Teleport Other           Tloc           0%         N/A       30%         3
 Blade Hands              Tmut           0%         N/A       94%         5


Dungeon Overview and Level Annotations

Branches:
Dungeon (2/15)

Altars:
Nemelex Xobeh
Zin

Annotations:
D:2 Terence


Innate Abilities, Weirdness & Mutations

You cannot be hasted, slowed, berserked, paralysed or teleported.
You can dig through walls and to a lower floor.
You have a pair of large antennae on your head. (SInv)
Your four strong arms can wield two-handed weapons with a shield.


Message History

You shoot a sling bullet.
The sling bullet closely misses the ice beast.
The ice beast misses you.
You shoot a sling bullet.
The sling bullet closely misses the ice beast.
The ice beast barely misses you.
You shoot a sling bullet. The sling bullet hits the ice beast.
The ice beast is moderately wounded.
The ice beast hits you. The ice beast freezes you!
You shoot a sling bullet.
The sling bullet closely misses the ice beast.
The ice beast closely misses you.
You shoot a sling bullet. The sling bullet hits the ice beast.
The ice beast is moderately wounded.
The ice beast closely misses you. x2
You shoot a sling bullet. The sling bullet hits the ice beast.
The ice beast is moderately wounded.
The ice beast misses you.
You shoot a sling bullet. The sling bullet hits the ice beast.
The ice beast is heavily wounded.
The ice beast completely misses you.
You shoot a sling bullet. The sling bullet hits the ice beast.
The ice beast is severely wounded.
The ice beast closely misses you.
You shoot a sling bullet.
The sling bullet hits the ice beast but does no damage.
The ice beast is severely wounded.
The ice beast hits you. The ice beast freezes you.
You are too injured to fight recklessly!
You are too injured to fight recklessly!
You are too injured to fight recklessly!
You shoot a sling bullet.
The sling bullet hits the ice beast but does no damage.
The ice beast is severely wounded.
The ice beast barely misses you.
You shoot a sling bullet.
The sling bullet hits the ice beast but does no damage.
The ice beast is severely wounded.
The ice beast hits you. The ice beast freezes you!
You die...

#..# ###. °##
#..####### .... ...○#
#..#...... ##°.. .§°#
##.....#._. ..☼..
.☼☼####...##.....
#°....
.§..°......###### °°○.#
#☼§####....# #°°##°☼#
##.#.###### ##☼Y@☼○#
#.#.......
..#○.##☼######.########
☼!☼°...○°☼.....#
###.####○######## ...
#☼# ### #°# .§# ###


You could see an ice beast.

Vanquished Creatures
  Jessica (D:2)
  3 adders (D:2)
  4 ball pythons
  3 bats
  2 endoplasms (D:2)
  2 giant cockroaches
  2 goblins
  5 hobgoblins
  6 kobolds
  A quokka (D:2)
  8 frilled lizards
37 creatures vanquished.

Notes
Turn   | Place    | Note
-------+----------+-------------------------------------------
     0 | D:1      | KingMidas the Formicid Hexslinger began the quest for the
                  | Orb.
     0 | D:1      | Reached XP level 1. HP: 15/15 MP: 2/2
   159 | D:1      | Reached XP level 2. HP: 21/21 MP: 3/3
   384 | D:1      | Reached skill level 3 in Ranged Weapons
   420 | D:1      | Found a faded altar of an unknown god.
   858 | D:2      | Found a glowing silver altar of Zin.
   881 | D:2      | Reached XP level 3. HP: 26/26 MP: 4/4
   885 | D:2      | Learned a level 3 spell: Portal Projectile
  1231 | D:2      | Reached skill level 4 in Ranged Weapons
  1231 | D:2      | Reached XP level 4. HP: 18/32 MP: 5/5
  1466 | D:2      | Noticed Jessica
  1470 | D:2      | Killed Jessica
  1555 | D:2      | Noticed Terence
  1564 | D:2      | You fall into a shaft and drop 1 floor!
  1564 | D:3      | Found a sparkling altar of Nemelex Xobeh.
  1667 | D:3      | Noticed an ice beast
  1684 | D:3      | Slain by an ice beast

Illustrated notes

Levels and vault maps discovered:
D:1:      giann_horns, layout_basic, chequers_ecumenical_altar_island,
          minivault_5, minmay_quantized
D:2:      layout_basic, basic_altar, minmay_close_crescents, uniq_jessica,
          uniq_terence
D:3:      layout_loops_ring, mainiacjoe_overflow_tiny_flanked

Skill      XL: |  1  2  3 |
---------------+----------+-----
Ranged Weapons | 3 4 |  4.6
Fighting       | |  1.1
Dodging        | |  1.7
Spellcasting   | |  1.1
Hexes          | |  3.6

Action                     |  1- 3 |  4- 6 || total
---------------------------+-------+-------++-------
   Fire: Sling             |   113 |    46 ||   159
Ability: Shaft Self        |       |     1 ||     1
    Use: Scroll            |       |     1 ||     1
 Armour: Robe              |    10 |     3 ||    13
  Dodge: Dodged            |    46 |    20 ||    66
